 Dungeon Crawl Stone Soup version 0.25.0-41-g26779e291d (webtiles) character file.

Game seed: 3333718425502335550

1199 Ethylacetat the Stinger (level 8, -1/46 HPs)
             Began as an Octopode Venom Mage on July 10, 2020.
             Was an Initiate of Vehumet.
             Slain by a black bear (2 damage)
             ... on level 6 of the Dungeon.
             The game lasted 00:16:30 (7284 turns).

Ethylacetat the Stinger (Octopode Venom Mage)       Turns: 7284, Time: 00:16:30

Health: -1/46      AC:  1    Str:  7    XL:     8   Next: 44%
Magic:  11/14      EV: 13    Int: 20    God:    Vehumet [......]
Gold:   314        SH:  0    Dex: 12    Spells: 7/15 levels left

rFire    . . .     SeeInvis .   t - +2 trident (flame)
rCold    . . .     Gourm    .   (no shield)
rNeg     . . .     Faith    .   (helmet restricted)
rPois    .         Spirit   .   h - amulet of the acrobat
rElec    .         Reflect  .   (no ring)
rCorr    .         Harm     .   (no ring)
MR       .....                  (no ring)
Stlth    +++.......             (no ring)
HPRegen  0.15/turn              (no ring)
MPRegen  0.14/turn              (no ring)
                                (no ring)
                                (no ring)

@: no status effects
A: almost no armour, stealthy swim, amphibious, 8 rings, constrict 8, camouflage
1, gelatinous body 1
a: Renounce Religion


You were on level 6 of the Dungeon.
You worshipped Vehumet.
Vehumet was noncommittal.
You were not hungry.

You visited 2 branches of the dungeon, and saw 7 of its levels.

You collected 314 gold pieces.

Inventory:

Hand Weapons
 t - a +2 trident of flaming (weapon)
Jewellery
 h - an amulet of the acrobat (around mantle)
Scrolls
 d - 3 scrolls of amnesia {unknown}
 g - 2 scrolls of immolation {unknown}
 i - a scroll of fear {unknown}
 j - a scroll of teleportation {unknown}
 l - a scroll of remove curse {unknown}
 m - 2 scrolls of blinking {unknown}
 o - a scroll of enchant armour {unknown}
 p - a scroll of fog {unknown}
 q - 4 scrolls of identify {unknown}
 r - 2 scrolls of enchant weapon {unknown}
Potions
 a - 4 potions of heal wounds {unknown}
 c - a potion of berserk rage {unknown}
 e - 2 potions of mutation {unknown}
 f - 3 potions of flight {unknown}
 k - 3 potions of curing {unknown}
 n - a potion of haste {unknown}
Comestibles
 b - 7 rations
 s - 10 chunks of flesh


   Skills:
 - Level 2.0 Dodging
 - Level 2.6 Stealth
 + Level 4.1 Spellcasting
 * Level 5.8 Transmutations
 + Level 2.9 Fire Magic
 * Level 7.9 Poison Magic


You had 7 spell levels left.
You knew the following spells:

 Your Spells              Type           Power        Failure   Level  Hunger
a - Sting                 Tmut/Pois      ####         1%          1    None
b - Ignite Poison         Fire/Tmut/Pois ####....     3%          3    ###....
c - Olgreb's Toxic Radia  Pois           #####...     4%          4    ####...

Your spell library contained the following spells:

 Spells                   Type           Power        Failure   Level  Hunger
 Poisonous Vapours        Pois/Air       ###...       3%          2    #......
 Mephitic Cloud           Conj/Pois/Air  ##......     13%         3    ###....
 Ozocubu's Armour         Chrm/Ice       #.......     36%         3    ###....
 Hailstorm                Conj/Ice       #.......     77%         4    ####...
 Conjure Ball Lightning   Conj/Air       #.........   100%        6    #######
 Simulacrum               Ice/Necr       #.........   100%        6    #######


Dungeon Overview and Level Annotations

Branches:
Dungeon (6/15)             Temple (1/1) D:6

Altars:
Cheibriados
Fedhas
Gozag
Uskayaw
Vehumet

Annotations:
D:5 2 transporters, Ethylacetat's ghost, novice NaVM


Innate Abilities, Weirdness & Mutations

You cannot wear most types of armour.
You are very stealthy in the water. (Stealth+)
You are amphibious.
You can wear up to eight rings at the same time.
You can use your tentacles to constrict eight enemies at once.
Your skin changes colour to match your surroundings (Stealth+).
Your rubbery body absorbs attacks. (AC +1, EV +1)


Message History

The sting hits the black bear but does no damage.
The black bear looks even sicker.
The black bear is heavily wounded.
The black bear bites you.
* * * LOW HITPOINT WARNING * * *
The black bear claws you.
* * * LOW HITPOINT WARNING * * *
The black bear claws you.
* * * LOW HITPOINT WARNING * * *
Casting: Sting (safe; 1% risk of failure)
Confirm with . or Enter, or press ? or * to list all spells.
Aiming: Sting (safe; 1% risk of failure)
Press: ? - help, Shift-Dir - straight line, f/p - black bear
Aim: a black bear (heavily wounded, very poisoned)
The sting hits the black bear.
The black bear looks even sicker.
The black bear is heavily wounded.
The black bear bites you!
* * * LOW HITPOINT WARNING * * *
The black bear closely misses you. The black bear claws you.
You die...

#.......# #......
#.....(.# ......
#.......# #....###
#.......# #......
##.......######<..5#####
.'.......'...........>..
##.))....#######...#####
............# #h§......
..)....####.# #@.#####.
.......# #.# ##........
.......# #.# #.........
.......# #.# #.........
#.....## #.# #.........
#.....#####.###.........
#.....#.................
#.....#.................
#.......................


You could see a black bear (very poisoned) and a crimson imp.

Vanquished Creatures
  Eustachio (D:5)
  A water moccasin (D:5)
  A sky beast (D:6)
  2 ogres (D:4)
  A bullfrog (D:6)
  A howler monkey (D:5)
  2 crimson imps (D:5)
  An orc priest (D:6)
  A bullfrog skeleton (D:6)
  4 orc wizards
  Terence (D:2)
  5 worker ants (D:4)
  Robin (D:2)
  A gnoll (D:1)
  6 adders
  A shadow imp (D:5)
  4 oozes
  2 worms
  2 dart slugs
  A leopard gecko (D:3)
  13 orcs
  A ball python (D:1)
  4 giant cockroaches
  12 goblins
  11 hobgoblins
  13 jackals
  4 quokkas
  6 bats
  5 frilled lizards
  7 kobolds
  A leopard gecko skeleton (D:4)
  5 rats
121 creatures vanquished.

Notes
Turn   | Place    | Note
-------+----------+-------------------------------------------
     0 | D:1      | Ethylacetat the Octopode Venom Mage began the quest for the
                  | Orb.
     0 | D:1      | Reached XP level 1. HP: 11/11 MP: 3/3
   172 | D:1      | Reached XP level 2. HP: 17/17 MP: 1/5
   230 | D:1      | Reached skill level 4 in Poison Magic
   409 | D:1      | Reached XP level 3. HP: 13/21 MP: 0/6
  1572 | D:1      | Reached XP level 4. HP: 9/27 MP: 2/7
  2119 | D:2      | Found a blossoming altar of Fedhas.
  2122 | D:2      | Noticed Terence
  2127 | D:2      | Killed Terence
  2297 | D:2      | Reached skill level 5 in Poison Magic
  2394 | D:2      | Found a hide-covered altar of Uskayaw.
  2394 | D:2      | Found an opulent altar of Gozag.
  2604 | D:2      | Noticed Robin
  2608 | D:2      | Reached XP level 5. HP: 30/31 MP: 4/8
  2897 | D:2      | Killed Robin
  3595 | D:3      | Found a snail-covered altar of Cheibriados.
  4231 | D:4      | Learned a level 3 spell: Ignite Poison
  4236 | D:4      | Learned a level 4 spell: Olgreb's Toxic Radiance
  4291 | D:4      | Reached XP level 6. HP: 31/36 MP: 4/10
  4333 | D:4      | Reached skill level 6 in Poison Magic
  4824 | D:4      | Reached skill level 1 in Fire Magic
  4984 | D:4      | Reached XP level 7. HP: 41/41 MP: 8/11
  5671 | D:5      | Entered Level 5 of the Dungeon
  5671 | D:5      | Noticed a hungry ghost
  6092 | D:5      | Reached skill level 7 in Poison Magic
  6379 | D:5      | Reached skill level 5 in Transmutations
  6427 | D:5      | Noticed Eustachio
  6433 | D:5      | Killed Eustachio
  6433 | D:5      | Reached XP level 8. HP: 38/46 MP: 1/13
  6561 | D:5      | Found a transporter.
  6562 | D:5      | Found a transporter.
  6563 | D:5      | Noticed Ethylacetat's ghost (novice NaVM)
  6575 | D:5      | Identified the Handbook of Glacial Air
  6778 | D:6      | Found a staircase to the Ecumenical Temple.
  6794 | Temple   | Entered the Ecumenical Temple
  6800 | Temple   | Became a worshipper of Vehumet
  7284 | D:6      | HP: 1/46 [black bear (8)]
  7284 | D:6      | Slain by a black bear

Illustrated notes

Levels and vault maps discovered:
D:1:      nicolae_arrival_memento_mori, layout_basic
D:2:      layout_rooms, nicolae_overflow_hidden_temple, old_standard_altar,
          gammafunk_temple_overflow_wave, uniq_terence, uniq_robin
D:3:      layout_loops_ring, cheibriados_altar_1
D:4:      layout_loops_ring
D:5:      layout_loops_ring, first_ration, gammafunk_ghost_mausoleum,
          uniq_eustachio
D:6:      layout_basic, temple_statues, minmay_fountain_box,
          minmay_misc_feat_cross
Temple:   dshaligram_water_room_temple

Skill      XL: |  1  2  3  4  5  6  7  8 |
---------------+-------------------------+-----
Poison Magic   | 4 5 6 7 |  7.9
Transmutations | 2 3 4 5 |  5.8
Spellcasting   | 3 4 |  4.1
Fire Magic     | 1 2 |  2.9
Dodging        | |  2.0
Stealth        | |  2.6

Action                   |  1- 3 |  4- 6 |  7- 9 || total
-------------------------+-------+-------+-------++-------
Melee: Unarmed           |    20 |    31 |    34 ||    85
       Constrict         |     3 |     9 |     7 ||    19
       Tentacles         |     3 |     5 |     8 ||    16
       Trident           |       |       |     8 ||     8
 Cast: Sting             |    58 |   135 |    31 ||   224
       Ignite Poison     |       |       |     7 ||     7
       Olgreb's Toxic Ra |       |       |     5 ||     5
 Stab: Sleeping          |       |     1 |     1 ||     2
  Eat: Chunk             |     2 |    11 |     5 ||    18
       Ration            |       |       |     1 ||     1
Armor: Skin              |     2 |     7 |     2 ||    11
Dodge: Dodged            |    42 |    79 |    26 ||   147
